 Dungeon Crawl Stone Soup version 0.22-a0-757-gdba82d8 (webtiles) character file.

58 Mamutox the Cudgeler (level 3, -1/36 HPs)
             Began as a Troll Chaos Knight on July 16, 2018.
             Slain by Crazy Yiuf
             ... wielding a +4 quarterstaff of chaos
              (13 damage)
             ... on level 2 of the Dungeon.
             The game lasted 00:02:57 (1108 turns).

Mamutox the Cudgeler (Troll Chaos Knight)           Turns: 1108, Time: 00:02:58

Health: -1/36      AC:  8    Str: 20    XL:     3   Next: 76%
Magic:  2/2        EV: 10    Int:  8    God:    Xom [*.....]
Gold:   144        SH:  0    Dex: 10    Spells: 2/2 levels left

rFire    . . .     SeeInvis .   a - +0 mace (chaos)
rCold    . . .     Gourm    +   (no shield)
rNeg     . . .     Faith    .   b - +2 robe
rPois    .         Spirit   .   (helmet restricted)
rElec    .         Reflect  .   j - +0 cloak
rCorr    .         Harm     .   (gloves unavailable)
MR       .....                  (boots unavailable)
Stlth    +.........             (no amulet)
HPRegen  0.52/turn              (no ring)
MPRegen  0.08/turn              (no ring)

@: no status effects
A: large, unfitting armour, claws 3, fast metabolism 3, gourmand, regeneration
1, shaggy fur 1, tough skin 2
a: Renounce Religion


You were on level 2 of the Dungeon.
You worshipped Xom.
You were a special plaything of Xom.
You were very full.

You visited 1 branch of the dungeon, and saw 2 of its levels.

You collected 144 gold pieces.

Inventory:

Hand Weapons
 a - a +0 mace of chaos (weapon)
Missiles
 m - 3 javelins of returning (quivered)
Armour
 b - a +2 robe (worn)
 j - a +0 cloak (worn)
Jewellery
 i - an uncursed ring of magical power {unknown}
Scrolls
 d - a scroll of enchant armour {unknown}
 e - 2 scrolls of blinking {unknown}
 f - 3 scrolls of enchant weapon {unknown}
Potions
 g - a potion of might {unknown}
 h - a potion of berserk rage {unknown}
 k - 2 potions of lignification {unknown}
 l - a potion of invisibility {unknown}
Comestibles
 c - 6 rations


   Skills:
 - Level 2.4 Fighting
 + Level 4.3 Maces & Flails
 - Level 1.9 Dodging


You had 2 spell levels left.
You didn't know any spells.
Your spell library was empty.

Dungeon Overview and Level Annotations

Branches:
Dungeon (2/15)

Altars:

Annotations:
D:2 Crazy Yiuf


Innate Abilities, Weirdness & Mutations

You are too large for most types of armour.
You have claws for hands.
Your metabolism is lightning-fast.
You like to eat raw meat.
Your natural rate of healing is unusually fast.
You are covered in fur. (AC +1)
You have very tough skin. (AC +2)


Message History

Crazy Yiuf shouts!
Found a mace.
There is an open door here.
You hit Crazy Yiuf.
Crazy Yiuf seems to slow down.
Crazy Yiuf is lightly wounded.
You hit Crazy Yiuf.
Crazy Yiuf shakes off his lethargy.
Crazy Yiuf goes berserk!
Xom is amused.
Crazy Yiuf is heavily wounded.
Crazy Yiuf hits you with a quarterstaff of chaos!
Crazy Yiuf freezes you. Crazy Yiuf closely misses you.
You closely miss Crazy Yiuf.
Crazy Yiuf is heavily wounded.
Crazy Yiuf hits you with a quarterstaff of chaos!
Crazy Yiuf burns you. Crazy Yiuf closely misses you.
You hit Crazy Yiuf but do no damage.
Crazy Yiuf is heavily wounded.
Crazy Yiuf hits you with a quarterstaff of chaos!
You die...
Xom titters!

..# ♣♣♣♣♣### #.#
#### ♣♣♣.♣..#.##
#.#
#...#♣..♣......##
#.####
#..g@.♣♣♣♣......#
.....#### #)..#♣♣
♣♣.#...#
......... ####
♣♣###.#
.....###### #..#
..........# #.##
.....######## #.#
.....# #..# #.#
....># #..# ##.#
#.#### #..# #..#


You could see Crazy Yiuf (berserk).

Vanquished Creatures
  2 adders (D:2)
  3 leopard geckos
  4 bats
  2 giant cockroaches
  3 goblins
  4 hobgoblins
  6 jackals (D:1)
  A quokka (D:2)
  A frilled lizard (D:1)
  5 kobolds
  2 rats (D:1)
33 creatures vanquished.

Notes
Turn   | Place    | Note
-------+----------+-------------------------------------------
     0 | D:1      | Mamutox the Troll Chaos Knight began the quest for the Orb.
     0 | D:1      | Reached XP level 1. HP: 22/22 MP: 0/0
     8 | D:1      | XOM: harmless Fire miscast
    29 | D:1      | Reached skill level 3 in Maces & Flails
    52 | D:1      | Reached XP level 2. HP: 28/29 MP: 1/1
   424 | D:1      | XOM: mild Air miscast
   480 | D:1      | XOM: harmless Conj miscast
   793 | D:2      | Reached XP level 3. HP: 35/36 MP: 2/2
   869 | D:2      | XOM: enchant monster (bad)
   892 | D:2      | Reached skill level 4 in Maces & Flails
  1099 | D:2      | Found a runed door.
  1103 | D:2      | Noticed Crazy Yiuf
  1108 | D:2      | Slain by Crazy Yiuf

Vault maps used:
D:1:      ncdulo_wetmaze
D:2:      hangedman_glass_teeth, kennysheep_slug_shrine, uniq_crazy_yiuf_cottage

Skill      XL: |  1  2  3 |
---------------+----------+-----
Maces & Flails | 3 4 |  4.3
Fighting       | |  2.4
Dodging        | |  1.9

Action                   || total
-------------------------++-------
Melee: Mace              ||    89
 Stab: Paralysed         ||     1
  Eat: Chunk             ||    14
Armor: Robe              ||    78
Dodge: Dodged            ||    67

Table legend:
 A = Spawn XP
 B = Non-spawn XP
 C = Spawn XP percentage of total XP
 D = Spawn monster count
 E = Non-spawn monster count
 F = Spawn count percentage of total count
 G = Total turns spent on level
                    A         B        C        D         E        F      G
               +---------+---------+-------+---------+---------+-------+---------
         Total |       0 |      84 |   0.0 |       0 |      33 |   0.0 |  1108
               +---------+---------+-------+---------+---------+-------+---------
           D:1 |       0 |      36 |   0.0 |       0 |      19 |   0.0 |   763
           D:2 |       0 |      48 |   0.0 |       0 |      14 |   0.0 |   345
               +---------+---------+-------+---------+---------+-------+---------
